[ AOE2 MATCH · #507632751 ]
UnrankedDravidians vs Celts
Rival team · LOSS
[ REPLAY ANALYSIS · EXTRACTED FROM THE RECORDED GAME ]
Feudal
9:26
Castle
18:46
Imperial
—
| APM avg | 80.7 |
| APM peak | 142 |
| eAPM avg | 27.4 |
| Villagers / military | 79 / 46 |
Focus
⚔️ 32.6% · 🌾 67.4%
Skirmisher ×26 · Monk ×7 · Archer ×5 · Mangonel ×5 · Militia ×3
Feudal
11:30
Castle
21:24
Imperial
—
| APM avg | 81.4 |
| APM peak | 141 |
| eAPM avg | 33.1 |
| Villagers / military | 104 / 50 |
Focus
⚔️ 30.1% · 🌾 69.9%
Skirmisher ×27 · Archer ×14 · Mangonel ×5 · Militia ×3 · Spearman ×1
Match map
Initial resources + every placement click. Lines = walls · curves = elevation contours. ◆ gold · ⬟ stone · ● berries · ✦ relic · ◌ wall gap
Your base· Open — unwalled flank
Gil-galad's base· Open — 2t gap
Smoothed initial terrain · ◌ = detected wall gap · hover for details
Inputs per minute
— ddx - - Gil-galad
Build order — ddx
First 150 of 234 actions detected
| 0:00 | Queue | Villager (Male) |
| 0:00 | Queue | Villager (Male) |
| 0:01 | Queue | Villager (Male) |
| 0:01 | Queue | Villager (Male) |
| 0:01 | Queue | Villager (Male) |
| 0:02 | Build | House |
| 0:03 | Build | House |
| 1:24 | Queue | Villager (Male) |
| 1:25 | Queue | Villager (Male) |
| 2:01 | Queue | Villager (Male) |
| 2:01 | Queue | Villager (Male) |
| 2:06 | Build | Lumber Camp |
| 2:23 | Queue | Villager (Male) |
| 2:23 | Queue | Villager (Male) |
| 2:24 | Queue | Villager (Male) |
| 3:05 | Build | House |
| 3:15 | Queue | Villager (Male) |
| 3:15 | Queue | Villager (Male) |
| 3:45 | Queue | Villager (Male) |
| 4:34 | Build | Mill |
| 4:36 | Queue | Villager (Male) |
| 4:36 | Queue | Villager (Male) |
| 4:36 | Queue | Villager (Male) |
| 4:36 | Queue | Villager (Male) |
| 5:48 | Build | Barracks |
| 5:52 | Queue | Villager (Male) |
| 5:54 | Queue | Villager (Male) |
| 5:54 | Research | Loom |
| 6:37 | Build | House |
| 7:16 | Research | Feudal Age |
| 7:23 | Build | Mining Camp |
| 7:40 | Build | Palisade Wall |
| 8:00 | Build | Palisade Wall |
| 8:24 | Queue | Militia |
| 8:37 | Queue | Militia |
| 9:00 | Build | Mill |
| 9:08 | Queue | Militia |
| 9:11 | Queue | Villager (Male) |
| 9:26 | Age | Feudal Age |
| 9:27 | Build | House |
| 9:57 | Build | Farm |
| 9:57 | Build | Farm |
| 9:59 | Queue | Villager (Male) |
| 10:04 | Build | Farm |
| 10:08 | Build | Archery Range |
| 10:22 | Queue | Villager (Male) |
| 10:41 | Build | Palisade Wall |
| 10:42 | Build | Palisade Wall |
| 10:44 | Build | Palisade Wall |
| 10:51 | Queue | Villager (Male) |
| 10:51 | Queue | Villager (Male) |
| 10:53 | Build | Farm |
| 11:09 | Research | Man-at-Arms (upgrade) |
| 11:12 | Queue | Villager (Male) |
| 11:14 | Build | Farm |
| 11:17 | Build | Farm |
| 11:17 | Queue | Archer |
| 11:19 | Build | House |
| 11:26 | Queue | Villager (Male) |
| 11:53 | Queue | Archer |
| 11:56 | Queue | Villager (Male) |
| 12:01 | Build | House |
| 12:02 | Build | House |
| 12:27 | Queue | Villager (Male) |
| 12:28 | Queue | Villager (Male) |
| 12:34 | Build | Farm |
| 12:45 | Queue | Villager (Male) |
| 12:50 | Queue | Archer |
| 13:01 | Queue | Villager (Male) |
| 13:12 | Build | House |
| 13:41 | Build | Blacksmith |
| 14:17 | Queue | Villager (Male) |
| 14:17 | Queue | Villager (Male) |
| 14:18 | Queue | Archer |
| 14:18 | Queue | Archer |
| 14:56 | Build | House |
| 15:03 | Build | Farm |
| 15:04 | Build | Farm |
| 15:11 | Queue | Villager (Male) |
| 15:33 | Build | Palisade Wall |
| 15:35 | Build | Palisade Wall |
| 15:39 | Queue | Villager (Male) |
| 15:42 | Build | Farm |
| 15:49 | Research | Double-Bit Axe |
| 16:06 | Research | Castle Age |
| 16:06 | Research | Castle Age |
| 16:11 | Queue | Skirmisher |
| 16:33 | Build | Lumber Camp |
| 16:53 | Research | Fletching |
| 16:53 | Queue | Skirmisher |
| 17:22 | Build | Palisade Wall |
| 17:27 | Build | Palisade Wall |
| 17:28 | Build | Palisade Wall |
| 17:40 | Build | Palisade Wall |
| 17:52 | Build | Palisade Wall |
| 17:53 | Build | Palisade Wall |
| 17:59 | Build | Palisade Wall |
| 18:01 | Build | Palisade Wall |
| 18:02 | Build | Palisade Wall |
| 18:07 | Research | Padded Archer Armor |
| 18:10 | Research | Horse Collar |
| 18:11 | Research | Gold Mining |
| 18:32 | Queue | Skirmisher |
| 18:33 | Queue | Skirmisher |
| 18:46 | Age | Castle Age |
| 18:48 | Build | Palisade Gate |
| 18:50 | Queue | Villager (Male) |
| 18:50 | Queue | Villager (Male) |
| 18:51 | Research | Bow Saw |
| 19:01 | Build | Monastery |
| 19:18 | Queue | Villager (Male) |
| 19:47 | Queue | Villager (Male) |
| 19:48 | Research | Elite Skirmisher (upgrade) |
| 20:15 | Queue | Villager (Male) |
| 20:18 | Build | Monastery |
| 20:29 | Queue | Villager (Male) |
| 20:40 | Build | Farm |
| 20:46 | Queue | Monk |
| 20:46 | Queue | Monk |
| 20:49 | Queue | Skirmisher |
| 20:49 | Queue | Skirmisher |
| 20:55 | Build | Farm |
| 21:04 | Build | House |
| 21:12 | Queue | Villager (Male) |
| 21:15 | Queue | Skirmisher |
| 21:18 | Build | Archery Range |
| 21:23 | Build | Farm |
| 21:26 | Queue | Villager (Male) |
| 21:54 | Queue | Monk |
| 21:59 | Queue | Skirmisher |
| 21:59 | Queue | Skirmisher |
| 22:03 | Research | Pikeman (upgrade) |
| 22:08 | Research | Bodkin Arrow |
| 22:09 | Queue | Villager (Male) |
| 22:35 | Build | Town Center |
| 22:44 | Queue | Villager (Male) |
| 22:44 | Queue | Villager (Male) |
| 22:47 | Build | Farm |
| 22:50 | Build | Farm |
| 22:52 | Build | Farm |
| 22:53 | Queue | Skirmisher |
| 22:53 | Queue | Skirmisher |
| 23:09 | Queue | Villager (Male) |
| 23:12 | Queue | Skirmisher |
| 23:17 | Build | Farm |
| 23:18 | Build | Farm |
| 23:22 | Build | Farm |
| 23:23 | Build | Farm |
| 23:25 | Queue | Monk |
| 23:41 | Queue | Villager (Male) |
Build order — Gil-galad
First 150 of 257 actions detected
| 0:00 | Queue | Villager (Male) |
| 0:01 | Queue | Villager (Male) |
| 0:01 | Queue | Villager (Male) |
| 0:02 | Build | House |
| 0:02 | Build | House |
| 0:04 | Queue | Villager (Male) |
| 0:05 | Queue | Villager (Male) |
| 1:25 | Queue | Villager (Male) |
| 1:26 | Queue | Villager (Male) |
| 1:58 | Queue | Villager (Male) |
| 1:59 | Queue | Villager (Male) |
| 2:00 | Build | Lumber Camp |
| 2:13 | Queue | Villager (Male) |
| 2:46 | Queue | Villager (Male) |
| 2:46 | Queue | Villager (Male) |
| 3:20 | Queue | Villager (Male) |
| 3:21 | Queue | Villager (Male) |
| 3:24 | Build | House |
| 3:41 | Queue | Villager (Male) |
| 3:41 | Queue | Villager (Male) |
| 4:06 | Queue | Villager (Male) |
| 4:16 | Build | Barracks |
| 4:28 | Queue | Villager (Male) |
| 4:39 | Build | House |
| 5:04 | Queue | Villager (Male) |
| 5:12 | Queue | Militia |
| 5:23 | Queue | Villager (Male) |
| 5:31 | Build | Mill |
| 5:37 | Queue | Militia |
| 5:42 | Queue | Villager (Male) |
| 5:59 | Queue | Militia |
| 6:12 | Queue | Villager (Male) |
| 6:18 | Build | House |
| 6:33 | Queue | Villager (Male) |
| 6:41 | Build | Palisade Wall |
| 6:43 | Build | Palisade Wall |
| 6:44 | Build | Palisade Wall |
| 6:48 | Queue | Villager (Male) |
| 7:10 | Build | Mill |
| 7:18 | Queue | Villager (Male) |
| 7:52 | Queue | Villager (Male) |
| 8:22 | Queue | Villager (Male) |
| 8:45 | Build | House |
| 8:48 | Research | Loom |
| 8:57 | Build | Palisade Wall |
| 9:20 | Research | Feudal Age |
| 9:20 | Research | Feudal Age |
| 10:03 | Build | Palisade Wall |
| 10:05 | Build | Palisade Wall |
| 10:09 | Queue | Villager (Male) |
| 10:12 | Build | Palisade Wall |
| 10:57 | Build | Palisade Wall |
| 11:30 | Age | Feudal Age |
| 11:34 | Build | Archery Range |
| 11:47 | Research | Horse Collar |
| 11:48 | Research | Double-Bit Axe |
| 11:52 | Queue | Villager (Male) |
| 12:00 | Build | Palisade Wall |
| 12:05 | Build | Farm |
| 12:07 | Build | Farm |
| 12:29 | Queue | Villager (Male) |
| 12:32 | Build | Palisade Wall |
| 12:47 | Queue | Villager (Male) |
| 12:51 | Queue | Skirmisher |
| 12:51 | Queue | Skirmisher |
| 12:52 | Build | Blacksmith |
| 12:54 | Build | Farm |
| 12:55 | Build | Farm |
| 13:00 | Build | Palisade Wall |
| 13:17 | Build | Palisade Wall |
| 13:34 | Queue | Villager (Male) |
| 13:39 | Research | Scale Mail Armor |
| 13:40 | Queue | Skirmisher |
| 13:40 | Queue | Skirmisher |
| 13:43 | Research | Padded Archer Armor |
| 14:10 | Queue | Villager (Male) |
| 14:12 | Build | Farm |
| 14:14 | Build | Farm |
| 14:15 | Build | Farm |
| 14:16 | Queue | Skirmisher |
| 14:16 | Queue | Skirmisher |
| 14:19 | Build | House |
| 14:55 | Build | Farm |
| 14:55 | Queue | Villager (Male) |
| 15:10 | Build | House |
| 15:12 | Build | House |
| 15:13 | Queue | Villager (Male) |
| 15:19 | Build | Farm |
| 15:21 | Build | Farm |
| 15:24 | Build | Mining Camp |
| 15:24 | Queue | Villager (Male) |
| 15:35 | Build | Palisade Wall |
| 15:48 | Build | Palisade Wall |
| 15:53 | Queue | Villager (Male) |
| 15:57 | Build | Lumber Camp |
| 16:03 | Build | Farm |
| 16:06 | Queue | Villager (Male) |
| 16:18 | Queue | Spearman |
| 16:19 | Queue | Skirmisher |
| 16:20 | Queue | Villager (Male) |
| 16:32 | Build | Farm |
| 16:36 | Build | Farm |
| 16:54 | Queue | Villager (Male) |
| 16:56 | Build | Farm |
| 16:59 | Build | Farm |
| 17:24 | Build | Market |
| 17:35 | Build | House |
| 17:41 | Build | House |
| 17:46 | Queue | Villager (Male) |
| 18:32 | Build | Archery Range |
| 18:44 | Research | Castle Age |
| 19:06 | Build | House |
| 19:13 | Queue | Archer |
| 20:11 | Queue | Villager (Male) |
| 20:15 | Build | Palisade Wall |
| 20:23 | Queue | Skirmisher |
| 20:23 | Queue | Skirmisher |
| 20:23 | Queue | Skirmisher |
| 20:23 | Queue | Skirmisher |
| 20:26 | Research | Fletching |
| 20:31 | Build | Archery Range |
| 20:36 | Build | Palisade Wall |
| 20:45 | Queue | Skirmisher |
| 20:49 | Queue | Skirmisher |
| 20:52 | Queue | Skirmisher |
| 20:58 | Build | Palisade Wall |
| 21:02 | Build | Palisade Gate |
| 21:03 | Build | Palisade Wall |
| 21:19 | Queue | Villager (Male) |
| 21:24 | Age | Castle Age |
| 21:25 | Queue | Skirmisher |
| 21:27 | Research | Bodkin Arrow |
| 21:29 | Research | Bow Saw |
| 21:33 | Build | Town Center |
| 21:50 | Build | Town Center |
| 22:02 | Queue | Villager (Male) |
| 22:25 | Queue | Villager (Male) |
| 22:25 | Queue | Villager (Male) |
| 22:25 | Queue | Villager (Male) |
| 22:26 | Queue | Villager (Male) |
| 22:33 | Research | Elite Skirmisher (upgrade) |
| 22:33 | Queue | Villager (Male) |
| 22:33 | Queue | Villager (Male) |
| 22:33 | Queue | Villager (Male) |
| 22:51 | Queue | Villager (Male) |
| 22:54 | Build | Farm |
| 22:55 | Queue | Villager (Male) |
| 23:08 | Queue | Villager (Male) |
| 23:08 | Queue | Villager (Male) |
| 23:16 | Queue | Archer |
Match timeline
| 4:16 | Gil-galad · first_building Barracks |
| 5:48 | ddx · first_building Barracks |
| 6:41 | Gil-galad · wall_segment Palisade Wall x3 |
| 6:43 | Gil-galad · wall_segment Palisade Wall x2 |
| 6:44 | Gil-galad · wall_segment Palisade Wall x1 |
| 7:40 | ddx · wall_segment Palisade Wall x1 |
| 8:00 | ddx · wall_segment Palisade Wall x1 |
| 8:57 | Gil-galad · wall_segment Palisade Wall x5 |
| 9:26 | ddx · age_up feudal |
| 10:03 | Gil-galad · wall_segment Palisade Wall x2 |
| 10:05 | Gil-galad · wall_segment Palisade Wall x12 |
| 10:08 | ddx · first_building Archery Range |
| 10:12 | Gil-galad · wall_segment Palisade Wall x1 |
| 10:41 | ddx · wall_segment Palisade Wall x1 |
| 10:42 | ddx · wall_segment Palisade Wall x1 |
| 10:44 | ddx · wall_segment Palisade Wall x1 |
| 10:57 | Gil-galad · wall_segment Palisade Wall x9 |
| 11:30 | Gil-galad · age_up feudal |
| 11:34 | Gil-galad · first_building Archery Range |
| 12:00 | Gil-galad · wall_segment Palisade Wall x14 |
| 12:32 | Gil-galad · wall_segment Palisade Wall x5 |
| 13:00 | Gil-galad · wall_segment Palisade Wall x1 |
| 13:17 | Gil-galad · wall_segment Palisade Wall x2 |
| 15:33 | ddx · wall_segment Palisade Wall x3 |
| 15:35 | Gil-galad · wall_segment Palisade Wall x1 |
| 15:35 | ddx · wall_segment Palisade Wall x7 |
| 15:48 | Gil-galad · wall_segment Palisade Wall x1 |
| 17:22 | ddx · wall_segment Palisade Wall x3 |
| 17:27 | ddx · wall_segment Palisade Wall x2 |
| 17:28 | ddx · wall_segment Palisade Wall x1 |
| 17:40 | ddx · wall_segment Palisade Wall x13 |
| 17:52 | ddx · wall_segment Palisade Wall x7 |
| 17:53 | ddx · wall_segment Palisade Wall x1 |
| 17:59 | ddx · wall_segment Palisade Wall x5 |
| 18:01 | ddx · wall_segment Palisade Wall x9 |
| 18:02 | ddx · wall_segment Palisade Wall x3 |
| 18:35 | Gil-galad · first_market_sell 100 wood |
| 18:42 | Gil-galad · first_market_buy 100 food |
| 18:46 | ddx · age_up castle |
| 19:01 | ddx · first_building Monastery |
| 20:15 | Gil-galad · wall_segment Palisade Wall x1 |
| 20:36 | Gil-galad · wall_segment Palisade Wall x1 |
| 20:58 | Gil-galad · wall_segment Palisade Wall x1 |
| 21:03 | Gil-galad · wall_segment Palisade Wall x1 |
| 21:24 | Gil-galad · age_up castle |
| 25:03 | ddx · wall_segment Palisade Wall x1 |
| 25:14 | Gil-galad · first_building Siege Workshop |
| 26:04 | ddx · first_building Siege Workshop |
| 29:52 | Gil-galad · first_building Castle |
| 30:35 | Gil-galad · resign |
[ AI ANALYSIS · 1 CREDIT ]
What really happened in this match?
Wolo.gg analyzes every decision: build order, eco, micro, common mistakes by bracket. Personalized analysis on WhatsApp or Discord in 30 seconds.
Civ guide
Dravidians
Perfil
Jugador #799765